[Event "Israeli Women Championship 2022"]
[Site "Yosiah Arad"]
[Date "2022.12.12"]
[Round "8.5"]
[White "Kochavi, Dana"]
[Black "Tashkinova, Sofiia"]
[Result "0-1"]
[ECO "C02"]
[WhiteElo "1928"]
[BlackElo "2006"]
[Annotator "TA"]
[PlyCount "120"]
[EventDate "2022.12.05"]
[EventType "tourn"]
[EventCountry "ISR"]
[SourceTitle "playchess.com"]
[Source "ChessBase"]
[SourceQuality "1"]
[TimeControl "40/5400+30:1800+30"]

1. e4 e6 2. d4 d5 3. e5 c5 4. c3 Qb6 5. Nf3 Nc6 6. Na3 cxd4 7. cxd4 Bb4+ {[%emt 0:03:38] C02: French: Advance Variation.} 8. Bd2 a6 (8... Nxd4 $2 9. Nxd4 Qxd4 10. Qa4+ Bd7 11. Qxb4 $18) 9. Nc2 Bxd2+ {[%emt 0:03:26] The position is equal.} 10. Qxd2 {[%emt 0:00:32] [#]} Bd7 $146 (10... Qxb2 $11 11. Bd3 h6) ({Predecessor:} 10... Nge7 11. Bd3 Bd7 12. O-O O-O 13. b4 Kh8 14. a4 Nf5 15. Rfe1 Rac8 16. Kh1 Nce7 {½-½ (40) Naiditsch,A (2648)-Druska,J (2503) Germany 2022}) 11. b4 $14 f6 12. Bd3 f5 13. a4 Nge7 14. h4 O-O 15. O-O h6 16. b5 axb5 17. axb5 Na5 18. Rfb1 {[%emt 0:00:00] Inhibits Nb3.} (18. Qb4 $5 Ng6 19. Rfb1 $14) 18... Rfc8 19. Qb4 Qd8 20. b6 ({White should try} 20. Ne3 $14) 20... Nc4 $11 21. Rxa8 Rxa8 22. Bxc4 Ra4 23. Qb2 dxc4 $19 (23... Rxc4 24. Ne3 Rc6 25. g3 $15) 24. Ne3 f4 25. Nd1 Bc6 (25... Nd5 $142 {Hoping for ...Rb4.} 26. Qd2 Ra3) 26. Nc3 $17 Ra6 27. Qe2 Nd5 (27... Bd5 $17 28. Nxd5 exd5) 28. Qxc4 $11 Rxb6 29. Rxb6 Qxb6 30. Nxd5 Bxd5 {[%emt 0:01:13][%mdl 4096] Endgame KQB-KQN} 31. Qc1 Qc6 $36 {[%emt 0:02:23][%mdl 2048] Black is more active.} 32. Qxf4 {[%emt 0:00:47] [#]} (32. Qxc6 $1 $15 Bxc6 33. Ne1) 32... b5 (32... Qa4 $1 $17 33. Qc1 b5) 33. Qe3 $2 {[%emt 0:03:18] White is now going downhill.} (33. Qd2 $1 $11 {and White is okay.}) 33... b4 $19 34. Ne1 (34. Nd2) 34... b3 35. Qd2 {[%emt 0:00:20] Against b2} Qa4 {[%emt 0:00:15] ...Qa1 is the strong threat.} 36. Nd3 (36. Qc3 $19 Be4 37. d5 Bxd5 38. Qc8+ Kh7 39. Qc3) 36... Qxd4 37. Qd1 Qe4 (37... Bc4 $142 38. Qb1 Qxd3 39. Qa1 Qe2 40. Qb1 Qc2 41. Qe1 b2 42. Qb4 b1=Q+ 43. Qxb1 Qxb1+ 44. Kh2 Bf1 45. h5 Qe4 46. f3 Qxe5+ 47. f4 Qe2 48. Kh3 Qxg2+ 49. Kh4 Qh3#) 38. f3 Qd4+ 39. Nf2 Qxe5 (39... Qb6 $142 40. Qb1 b2) 40. Qc1 Qd4 (40... b2 $142 41. Qb1 {[#]} Ba2 $1 42. Qxa2 Qe1+ 43. Kh2 b1=Q 44. Qxb1 Qxb1) 41. h5 Qc4 (41... b2 $142 42. Qc8+ Kf7 43. Qc7+ Kf6 44. Qd8+ Kf5 45. Qf8+ Kg5) 42. Qa1 Qc2 43. Nd1 {[%emt 0:00:00] Inhibits b2.} Qe2 44. Qd4 Qc4 (44... Bc4 $2 45. Nc3 Qf1+ 46. Kh2 $19) 45. Qa1 Qh4 46. Qc3 Qxh5 47. Ne3 Qg5 {[%emt 0:00:00] Threatens to win with ...b2.} 48. f4 $2 {[%emt 0:00:00] Inhibits b2.} (48. Kf2) 48... Qd8 {[%emt 0:00:00] And now ...Qb6 would win.} 49. Qd4 {[%emt 0:00:00] Inhibits Qb6.} Qb8 {[%emt 0:00:00] ( -> ...b2)} 50. Nxd5 exd5 51. Qxd5+ {[%emt 0:00:00] KQ-KQ} Kh8 52. Qd3 b2 ({Stronger than} 52... Qxf4 53. Qxb3 Qd4+ 54. Kf1 $17) 53. Qb1 Qb4 ({And not} 53... Qxf4 54. Qxb2 h5 55. Qc2 $17) 54. f5 Qb3 (54... Kg8 $142 55. Kf2 Qd2+ 56. Kg3 Kf8 57. Qe4 Qd6+ 58. Kh3 Qb8 59. Qb1 Qb4 60. Kg3 Qa3+ 61. Kf2 Qc5+ 62. Kf3 Qc6+ 63. Kf2 Qc1 64. Qd3 b1=Q 65. Qd8+ Kf7 66. Qd7+ Kf6 67. Qe6+ Kg5 68. Qg6+ Kf4 69. g3+ Ke4 70. Qe6+ Kd3 71. Qd5+ Kc3 72. Qc5+ Kb3 73. Qb6+ Kc2 74. Qc6+ Kd2 75. Qd6+ Qd3 76. Qf4+ Kc2 77. Qa4+ Kb1 78. Qb4+ Qb2+ 79. Qxb2+ Kxb2 80. g4 Qh3 81. Kg1 Qxg4+ 82. Kf2 Kc3 83. f6 gxf6 84. Ke3 h5 85. Kf2 Kd2 86. Kf1 Ke3 87. Ke1 Qg1#) 55. Kh2 Kg8 56. g3 Kf7 57. Kh3 Qa3 (57... Kf6 $142 58. Kg2 Qd5+ 59. Kg1 Qe5 60. Kh1 Qd5+ 61. Kg1 Qd2 62. Qe4 Kg5 63. Qh4+ Kxf5 64. Qh5+ Kf6 65. Qh4+ Kf5 66. Qh3+ Kf6 67. Qf1+ Kg6 68. Qa6+ Kh7 69. Qb7 Qe1+ 70. Kg2 b1=Q 71. Qxb1+ Qxb1 72. g4 Qd3 73. g5 Qe2+ 74. Kh1 hxg5 75. Kg1 Qd2 76. Kf1 g4 77. Kg1 g3 78. Kh1 Qh2#) 58. Qe4 Qa2 {[%emt 0:00:00] Inhibits Qe6+.} 59. Qb7+ Kg8 ({Weaker is} 59... Kf6 60. Qc6+ Kxf5 61. g4+ Ke5 62. Qc7+ Kf6 63. Qf4+ Ke6 64. Qe4+ Kf7 65. Qf5+ Kg8 66. Qc8+ Kh7 67. Qf5+ Kh8 68. Qf8+ Qg8 69. Qb4 $17) 60. Qe7 b1=Q {[%emt 0:00:00] Weighted Error Value: White=1.23/Black=0.75} 0-1

[Event "Israeli Women Championship 2022"]
[Site "Yosiah Arad"]
[Date "2022.12.13"]
[Round "9.1"]
[White "Efroimski, Marsel"]
[Black "Orian, Noga"]
[Result "1-0"]
[ECO "B23"]
[WhiteElo "2470"]
[BlackElo "1947"]
[Annotator "TA"]
[PlyCount "87"]
[EventDate "2022.12.05"]
[EventType "tourn"]
[EventCountry "ISR"]
[SourceTitle "playchess.com"]
[Source "ChessBase"]
[SourceQuality "1"]
[TimeControl "40/5400+30:1800+30"]

1. e4 c5 2. Nc3 Nc6 3. Nge2 Nd4 4. Nxd4 cxd4 5. Nb5 e5 $1 6. Qh5 {[%emt 0:00:03] B23: Closed Sicilian: Lines without g3.} d6 7. Bc4 g6 8. Qf3 {[%emt 0:00:03][%csl Gc4][%cal Rf3f7] White has an edge.} Be6 9. Bxe6 fxe6 10. Qb3 Qd7 11. d3 a6 12. Na3 b5 {[%emt 0:06:07][%cal Bb7b5,Bb5b4][%mdl 32] [#]} 13. O-O $146 ({Predecessor:} 13. Nb1 Ne7 14. a4 bxa4 15. Rxa4 Nc6 16. c3 Bg7 17. Qa2 Rc8 18. O-O Nb8 19. Ra5 {½-½ (35) Lehtinen,P (2400)-Soderberg,P (2470) Finland 2001}) 13... Bg7 14. c3 dxc3 15. bxc3 Ne7 16. c4 Nc6 17. Be3 (17. cxb5 $16 Nd4 18. Qb2) 17... b4 $1 $11 18. Nc2 a5 19. a4 (19. Rfb1 $11) 19... O-O 20. Rad1 Nd4 21. Bxd4 exd4 22. Na1 Rac8 23. Qa2 Rc5 (23... e5 $15) 24. Nb3 Rh5 25. f4 Kh8 26. Ra1 Qc7 27. Qe2 Bh6 (27... e5 $11) 28. g3 $14 Bg7 29. Kg2 Qd8 30. h4 (30. Rf2 {is more complex.} Kg8 31. Qg4 Qd7 32. h3) 30... Bf6 31. Qf2 e5 32. fxe5 Bg7 (32... Rxe5 $11 {remains equal.} 33. Qe2 (33. Qxd4 Ree8 $17) 33... Ree8) 33. Qe2 (33. Qxd4 Bxe5 34. Rxf8+ Qxf8 $17) (33. Qg1 $16) 33... Bxe5 $2 {[%emt 0:01:38] Loses the game.} (33... Rxe5 $11 {and Black is okay.} 34. Rxf8+ (34. Nxd4 Ree8 $17) 34... Qxf8) 34. Rxf8+ $18 Qxf8 35. Rf1 (35. Nxa5 Bxg3 $1 36. Kxg3 Qe7 $11) 35... Qe7 {[%emt 0:02:55][%cal Oe5g3] Hoping for ...Bxg3!} 36. Qf2 {[%emt 0:00:48] Threatens to win with c5.} (36. Nxa5 {[#]} Bxg3 $1 37. Qg4 Rxa5 $15) 36... Bg7 37. Qf7 $40 {[%emt 0:02:54][%mdl 128] Black is in trouble.} (37. Nxd4 $6 Rc5 $16) 37... Qd8 (37... Re5 38. Nxd4 Bh6) 38. Qa7 g5 (38... Qe8 $142 39. Nxd4 Rc5) 39. Nxd4 Qg8 {[%emt 0:02:01] Prevents Ne6.} 40. Nf5 {[%emt 0:01:07] Threatening mate with Nxg7.} Be5 {[%emt 0:05:51] [#]} 41. Nxd6 $1 Bxd6 42. Qd4+ (42. Qxa5 gxh4 43. Rf5 Qxg3+ 44. Kf1 Qxd3+ 45. Kg1 Qd4+ 46. Kf1 Qxc4+ 47. Kf2 Bc5+ 48. Qxc5 Qxc5+ 49. Rxc5 Rxc5 50. Kf3 b3 51. Ke3 b2 52. Kd4 Ra5 53. Kd3 b1=Q+ 54. Kd4 Qb3 55. e5 Rd5+ 56. Ke4 Qd3+ 57. Kf4 Rd4+ 58. Kg5 Qg6#) 42... Qg7 43. Qxd6 {[%emt 0:00:00] Rf8+ would kill now.} Qb2+ 44. Kg1 {[%emt 0:00:00] Weighted Error Value: White=0.15 (very precise) /Black=0.44} 1-0

[Event "Israeli Women Championship 2022"]
[Site "Yosiah Arad"]
[Date "2022.12.13"]
[Round "9.3"]
[White "Tashkinova, Sofiia"]
[Black "Kluchik, Julia"]
[Result "1-0"]
[ECO "B30"]
[WhiteElo "2006"]
[BlackElo "1887"]
[Annotator "TA"]
[PlyCount "53"]
[EventDate "2022.12.05"]
[EventType "tourn"]
[EventCountry "ISR"]
[SourceTitle "playchess.com"]
[Source "ChessBase"]
[SourceQuality "1"]
[TimeControl "40/5400+30:1800+30"]

1. e4 c5 2. Nf3 Nc6 3. Bb5 e6 4. O-O Nge7 5. Re1 d5 6. exd5 {[%emt 0:02:25] B30: Sicilian: 2...Nc6 3 Bb5, lines without ...g6.} Nxd5 7. d4 a6 8. Bxc6+ {[%emt 0:05:43] White is slightly better.} bxc6 9. Ne5 {[%emt 0:01:10] [#]} Bd7 $146 (9... cxd4 10. Qxd4 (10. Nxc6 Qc7) 10... Bb7) (9... cxd4 $1 $14 10. Qxd4 (10. Nxc6 Qc7 $11) 10... Qc7) ({Predecessor:} 9... Qc7 10. c4 Nf6 11. Bf4 Qb6 12. d5 cxd5 13. Qa4+ Bd7 14. Nxd7 Nxd7 15. Nc3 Bd6 16. Nxd5 {1-0 (30) Barle,J (2415)-Pahor,M (2115) Ljubljana 1998}) 10. c4 $16 Nf6 11. Bg5 {[%emt 0:05:13] White is much more active. The black rooks are badly placed.} Be7 (11... h6 $142) 12. dxc5 $18 h6 13. Be3 ({But not} 13. Bxf6 $6 gxf6 14. Nd3 e5 $16) 13... O-O 14. Nc3 Qc7 15. Bd4 (15. Bf4) 15... Rfd8 16. Qe2 Bc8 (16... Nh7 17. Rad1 Nf8) (16... Be8 $16) 17. Rad1 Rxd4 (17... Bd7 $142 18. Na4 Be8) 18. Rxd4 {[%emt 0:00:32] Threatens to win with Red1.} Bxc5 19. Rd3 Bb7 $2 (19... Bd6 {was necessary.} 20. g3 Rb8) 20. Red1 a5 (20... Re8 21. Rd7 Nxd7 22. Rxd7 Qb6) (20... Re8 $142 21. Rd7 Nxd7 22. Rxd7 Qb6) 21. Nd7 {[%emt 0:01:24] [#] Strongly threatening Nxf6+.} Be7 22. Nxf6+ Bxf6 23. Rd7 Qb6 24. Ne4 {[%emt 0:00:49] White wants to mate with Nxf6+.} Be5 25. Qh5 {[%emt 0:01:24][%csl LRe5,LRf7] [#] aiming for c5.} Qxb2 26. Qxf7+ Kh7 27. Ng5+ {[%emt 0:00:36] Weighted Error Value: White=0.10 (very precise) /Black=0.81} 1-0

[Event "Israeli Women Championship 2022"]
[Site "Yosiah Arad"]
[Date "2022.12.13"]
[Round "9.4"]
[White "Reprun, Nadejda"]
[Black "Kochavi, Dana"]
[Result "1/2-1/2"]
[ECO "B12"]
[WhiteElo "1979"]
[BlackElo "1928"]
[Annotator "TA"]
[PlyCount "41"]
[EventDate "2022.12.05"]
[EventType "tourn"]
[EventCountry "ISR"]
[SourceTitle "playchess.com"]
[Source "ChessBase"]
[SourceQuality "1"]
[TimeControl "40/5400+30:1800+30"]

1. e4 c6 2. d4 d5 3. e5 Bf5 4. Nf3 e6 5. Be2 Nd7 6. O-O Bg6 7. c4 {[%emt 0:01:49] B12: Caro-Kann: Advance Variation.} Ne7 8. Nc3 Nf5 9. Bg5 {[%emt 0:12:23] White is slightly better.} Be7 10. Bxe7 {[%emt 0:03:48] [#]} Qxe7 $146 ({Predecessor:} 10... Nxe7 11. Qb3 Qb6 12. Qa3 Qd8 13. cxd5 exd5 14. e6 fxe6 15. Ng5 Nf8 16. Bg4 Nf5 {½-½ (69) Belis,R (2121)-Prielozny,S (2167) Slovakia 2010}) 11. cxd5 cxd5 12. h3 a6 13. a4 O-O 14. a5 Nb8 15. Qd2 ({But not} 15. g4 Nh4 $15) 15... Nc6 16. Na4 Nh4 (16... Nh6 $11 {is superior.}) 17. Nb6 (17. Nxh4 $1 $14 Qxh4 18. f4) 17... Rad8 18. Rfc1 (18. Nxh4 $11 Qxh4 19. f4) 18... Nxf3+ {[%emt 0:02:27] Black is slightly better.} 19. Bxf3 f6 20. exf6 $1 Qxf6 21. Rd1 {[%emt 0:01:06] Weighted Error Value: White=0.20 (precise) /Black=0.13 (very precise)} 1/2-1/2

[Event "Israeli Women Championship 2022"]
[Site "Yosiah Arad"]
[Date "2022.12.13"]
[Round "9.5"]
[White "Ovechkin, Lilia"]
[Black "Brusilovski, Lena"]
[Result "1/2-1/2"]
[WhiteElo "1680"]
[BlackElo "1800"]
[Annotator "NA RC"]
[PlyCount "19"]
[EventDate "2022.12.05"]
[EventType "tourn"]
[EventCountry "ISR"]
[SourceTitle "playchess.com"]
[Source "ChessBase"]
[SourceQuality "1"]
[TimeControl "40/5400+30:1800+30"]

1. d4 d6 2. e4 f5 3. Nc3 fxe4 4. Nxe4 Bf5 5. Bd3 e6 6. Ng3 Bxd3 7. Qxd3 Qd7 8. Bd2 Nc6 9. Nf3 Nf6 {[%emt 0:02:02] [#]} 10. h3 $14 ({White should try} 10. O-O $1 $16) 1/2-1/2